 Dungeon Crawl Stone Soup version 0.27.1-34-g3ba077fa99 (webtiles) character file.

Game seed: 720314317471765966

973 EWolf27 the Covert (level 7, 0/46 HPs)
             Began as a Vampire Enchanter on Jan 13, 2022.
             Was an Initiate of Kikubaaqudgha.
             Slain by Duvessa (8 damage)
             ... on level 5 of the Dungeon.
             The game lasted 00:27:56 (6740 turns).

EWolf27 the Covert (Vampire Enchanter)              Turns: 6740, Time: 00:27:58

Health: 0/46       AC:  7    Str:  7    XL:     7   Next: 94%
Magic:  10/13      EV: 12    Int: 19    God:    Kikubaaqudgha [......]
Gold:   200        SH:  0    Dex: 15    Spells: 6/15 levels left

rFire    . . .     SeeInvis +   q - +1 dagger (vamp)
rCold    . . .     Faith    .   (no shield)
rNeg     . . .     Spirit   .   b - +0 robe
rPois    .         Reflect  .   (no helmet)
rElec    .         Harm     .   (no cloak)
rCorr    .         Rampage  .   d - +0 pair of gloves
Will     .....                  (no boots)
Stlth    ++++......             (no amulet)
HPRegen  0.35/turn              j - +4 ring of protection
MPRegen  0.13/turn              (no ring)

@: healing quickly
A: alive, fangs 3, see invisible, vampiric 2
a: Exsanguinate, Renounce Religion


You were on level 5 of the Dungeon.
You worshipped Kikubaaqudgha.
Kikubaaqudgha was noncommittal.
You visited 1 branch of the dungeon, and saw 5 of its levels.

You collected 200 gold pieces.

Inventory:

Hand Weapons
 a - a +1 dagger
 q - a +1 vampiric dagger (weapon)
Missiles
 k - a throwing net
Armour
 b - a +0 robe (worn)
 d - a +0 pair of gloves (worn)
Jewellery
 j - a +4 ring of protection (left hand)
Wands
 n - a wand of acid (11)
Scrolls
 e - a scroll of immolation {unknown}
 f - a scroll of teleportation
 g - a scroll of identify
 l - a scroll of magic mapping
 o - a scroll of enchant weapon {unknown}
 p - a scroll of summoning {unknown}
 s - a scroll of amnesia {unknown}
Potions
 c - 2 potions of curing
 h - a potion of lignification
 m - 2 potions of might
 r - a potion of invisibility


   Skills:
 + Level 2.0 Short Blades
 - Level 2.2 Dodging
 + Level 9.2 Stealth
 + Level 4.5 Spellcasting
 + Level 7.7 Hexes
 + Level 3.4 Ice Magic


You had 6 spell levels left.
You knew the following spells:

 Your Spells              Type           Power      Damage    Failure   Level
a - Corona                Hex            36%        N/A       1%          1
b - Ensorcelled Hibernat  Hex/Ice        50%        N/A       1%          2
c - Confusing Touch       Hex            33%        N/A       1%          3
d - Tukima's Dance        Hex            33%        N/A       1%          3

Your spell library contained the following spells:

 Spells                   Type           Power      Damage    Failure   Level
 Dazzling Flash           Conj/Hex       38%        N/A       8%          3
 Portal Projectile        Hex/Tloc       38%        N/A       8%          3
 Passwall                 Tmut/Erth      3%         N/A       21%         2
 Gell's Gravitas          Tloc           2%         N/A       36%         3
 Lesser Beckoning         Tloc           2%         N/A       36%         3
 Swiftness                Air            4%         N/A       36%         3
 Teleport Other           Tloc           4%         N/A       36%         3
 Invisibility             Hex            16%        N/A       63%         6
 Alistair's Intoxication  Tmut/Pois      2%         N/A       98%         5
 Blade Hands              Tmut           2%         N/A       98%         5
 Borgnjor's Vile Clutch   Necr/Erth      2%         N/A       98%         5
 Excruciating Wounds      Necr           2%         N/A       98%         5
 Eringya's Noxious Bog    Tmut/Pois      2%         N/A       100%        6


Dungeon Overview and Level Annotations

Branches:
Dungeon (5/15)
 Temple: D:4-7

Altars:
Fedhas
Hepliaklqana
Kikubaaqudgha
Qazlal
Trog
Vehumet
Zin
The Shining One

Annotations:
D:2 Sigmund
D:3 unexplored upstair, danger above lvl5 at note
D:5 1 exclusion, Dowan, Duvessa, Edmund


Innate Abilities, Weirdness & Mutations

Your natural rate of healing is accelerated.
You have razor-sharp teeth.
You have supernaturally acute eyesight. (SInv)
You are afflicted with vampirism and can become a bat while bloodless.


Message History

You start waiting.
Done waiting.
There is a stone staircase leading down here.
This staircase leads to a travel-excluded area!
Enter next level anyway?
You climb downwards.
Level annotation: 1 exclusion, Dowan, Edmund The centaur shoots an arrow.
The arrow hits you.
There is a stone staircase leading up here.
Duvessa shouts!
The centaur shoots an arrow.
The arrow closely misses you.
An ogre comes into view. It is wielding a +0 giant spiked club.
An orc comes into view. It is wielding a +0 club.
The centaur shoots an arrow.
The arrow closely misses you.
A hound skeleton comes into view.
The centaur shoots an arrow.
The arrow hits you!
You hear a shout!
Aiming: Ensorcelled Hibernation (safe; 1% risk of failure)
Press: ? - help, Q - select action, (/) - cycle Shift-Dir - straight line, f - Duvessa
Aim: Duvessa, wielding a +0 rapier of freezing and wearing a +0 scale mail (chance to affect: 37%)
Okay, then.
Casting: Ensorcelled Hibernation (safe; 1% risk of failure)
Confirm with . or Enter, or press ? or * to list all spells.
Aiming: Tukima's Dance (safe; 1% risk of failure)
Press: ? - help, Shift-Dir - straight line, f - Duvessa
Aim: Duvessa, wielding a +0 rapier of freezing and wearing a +0 scale mail (chance to affect: 55%) Duvessa resists with significant effort.
The orc shouts!
The centaur shoots an arrow.
The arrow hits you!
Duvessa hits you with a +0 rapier of freezing!
Duvessa freezes you.
* * * LOW HITPOINT WARNING * * *
The centaur shoots an arrow.
The arrow hits you.
* * * LOW HITPOINT WARNING * * *
Dowan gestures wildly while chanting.
Dowan blinks!
The centaur shoots an arrow.
The arrow hits you.
* * * LOW HITPOINT WARNING * * *
Duvessa hits you with a +0 rapier of freezing!
You die...
Kikubaaqudgha rasps: "You have failed me!
Welcome... death!"

. ..####... #.
#........
.###>.......
...........
####......ยง...
...e....... .
##...e.#....
#...@.......
............#..
...#........# .
..O.Z.......#
..o.........#.#
........c...# .
#.#.#.#.#...#
........@...#
##. #. .#


You could see Edmund, Duvessa, an ogre, Dowan, a centaur, an orc and a hound
skeleton.

Vanquished Creatures
  A yak (D:4)
  A sky beast (D:5)
  6 killer bees
  2 vampire bats (D:4)
  A howler monkey (D:4)
  A hound (D:4)
  A jelly (D:3)
  A bullfrog skeleton (D:5)
  An iguana (D:4)
  4 orc wizards (D:4)
  4 gnolls (D:3)
  5 adders
  A worm (D:3)
  A dart slug (D:1)
  4 orcs (D:4)
  9 ball pythons
  11 bats
  8 endoplasms
  2 giant cockroaches
  8 goblins
  6 hobgoblins
  2 quokkas
  5 frilled lizards
  4 kobolds
  8 rats
97 creatures vanquished.

Notes
Turn   | Place    | Note
-------+----------+-------------------------------------------
     0 | D:1      | EWolf27 the Vampire Enchanter began the quest for the Orb.
     0 | D:1      | Reached XP level 1. HP: 13/13 MP: 3/3
   268 | D:1      | Reached XP level 2. HP: 18/19 MP: 5/5
   271 | D:1      | Learned a level 2 spell: Ensorcelled Hibernation
   307 | D:1      | Reached skill level 5 in Hexes
  1084 | D:1      | Reached skill level 5 in Stealth
  1304 | D:2      | Found a faded altar of an unknown god.
  1321 | D:2      | Gained mutation: You are afflicted with vampirism and can
                  | become a bat while bloodless. [Vampire growth]
  1321 | D:2      | Reached XP level 3. HP: 24/24 MP: 6/6
  1943 | D:2      | Reached skill level 1 in Ice Magic
  1964 | D:2      | Learned a level 3 spell: Confusing Touch
  2015 | D:2      | Noticed Sigmund
  2720 | D:3      | Reached XP level 4. HP: 30/30 MP: 7/7
  3180 | D:3      | You fall into a shaft and drop 1 floor!
  3767 | D:3      | Reached XP level 5. HP: 35/35 MP: 5/9
  3996 | D:4      | Reached skill level 6 in Stealth
  4121 | D:4      | Found a blossoming altar of Fedhas.
  4121 | D:4      | Found an ancient bone altar of Kikubaaqudgha.
  4123 | D:4      | Found a radiant altar of Vehumet.
  4123 | D:4      | Found a stormy altar of Qazlal.
  4190 | D:4      | Became a worshipper of Kikubaaqudgha
  4283 | D:3      | Reached XP level 6. HP: 41/41 MP: 3/10
  4474 | D:4      | Learned a level 3 spell: Tukima's Dance
  4548 | D:4      | Found a hazy altar of Hepliaklqana.
  4605 | D:4      | Reached skill level 7 in Stealth
  4775 | D:4      | Found a bloodstained altar of Trog.
  5088 | D:4      | Reached skill level 8 in Stealth
  5088 | D:4      | Reached XP level 7. HP: 46/46 MP: 7/12
  5758 | D:5      | Entered Level 5 of the Dungeon
  5758 | D:5      | Noticed Edmund
  5758 | D:5      | Noticed Dowan
  5758 | D:5      | Noticed a yak
  5758 | D:5      | Noticed a yak
  6485 | D:5      | Noticed a yak
  6501 | D:4      | Killed a yak
  6502 | D:4      | Reached skill level 9 in Stealth
  6735 | D:5      | Noticed Duvessa
  6740 | D:5      | Slain by Duvessa

Illustrated notes

Levels and vault maps discovered:
D:1:      roderic_dead_forest, layout_basic
D:2:      layout_loops_ring, shapermc_ecumenical_altar_starsandcircs,
          uniq_sigmund
D:3:      layout_basic
D:4:      layout_loops_ring, lemuel_tele_altar, mainiacjoe_overflow_alcove_1,
          grunt_temple_overflow_open, st_stairs_12, roderic_batcave,
          kennysheep_cross_room
D:5:      layout_rooms, st_stairs_13, minmay_misc_feat_cross,
          uniq_crazy_yiuf_cottage, uniq_edmund, uniq_duvessa

Skill      XL: |  1  2  3  4  5  6  7 |
---------------+----------------------+-----
Hexes          | 5 6 7 |  7.7
Stealth        | 5 6 8 9 |  9.2
Ice Magic      | 1 2 3 |  3.4
Spellcasting   | 3 4 |  4.5
Short Blades   | 2 |  2.0
Dodging        | |  2.2

Action                   |  1- 3 |  4- 6 |  7- 9 || total
-------------------------+-------+-------+-------++-------
Melee: Dagger            |   101 |    71 |    35 ||   207
       Bite              |     2 |     2 |     3 ||     7
 Cast: Ensorcelled Hiber |    28 |    42 |    28 ||    98
       Confusing Touch   |       |       |     4 ||     4
       Tukima's Dance    |       |       |     1 ||     1
  Use: Scroll            |       |       |     7 ||     7
 Stab: Sleeping          |    31 |    27 |    14 ||    72
       Confused          |       |       |     2 ||     2
Armor: Robe              |    31 |    31 |    31 ||    93
Dodge: Dodged            |    90 |    58 |    57 ||   205
